 Dungeon Crawl Stone Soup version 0.31-a0-986-g5e6e4ef867 (webtiles) character file.

Game seed: 3448018877465317628

11535 Dittersdorf the Fighter (level 11, -3/73 HPs)
             Began as a Gargoyle Fighter on Nov 3, 2023.
             Was a High Priest of Okawaru.
             Slain by a blink frog (8 damage)
             ... on level 1 of the Lair of Beasts.
             The game lasted 00:15:57 (11785 turns).

Dittersdorf the Fighter (Gargoyle Fighter)         Turns: 11785, Time: 00:15:57

Health: -3/73      AC: 33    Str: 30    XL:     11   Next: 79%
Magic:  11/11      EV:  6    Int:  9    God:    Okawaru [*****.]
Gold:   741        SH: 21    Dex:  9    Spells: 8/10 levels left

rFire   . . .        j - +3 morningstar (protect)
rCold   . . .        u - +1 tower shield
rNeg    + . .        g - +0 plate armour
rPois   ∞            v - +0 helmet
rElec   +            x - +1 cloak
rCorr   .            (no gloves)
SInv    +            (no boots)
Will    .....        D - amulet of reflection Stlth
                     C - +6 ring of strength
HPRegen 0.32/turn    s - ring of see invisible
MPRegen 0.12/turn

%: reflection
@: under a protective aura
A: sickness immunity, AC +8, negative energy resistance 1, electricity
resistance, torment resistance 1, petrification resistance
a: Renounce Religion, Heroism, Finesse, Duel


You were on level 1 of the Lair of Beasts.
You worshipped Okawaru.
Okawaru was extremely pleased with you.
You visited 3 branches of the dungeon, and saw 12 of its levels.
You also visited: Sewer.

You collected 1156 gold pieces.
You spent 415 gold pieces at shops.

Inventory:

Hand Weapons
 j - a +3 morningstar of protection (weapon)
Missiles
 e - 6 curare-tipped darts (quivered)
 y - a throwing net
Armour
 g - a +0 plate armour (worn)
 u - a +1 tower shield (worn)
 v - a +0 helmet (worn)
 x - a +1 cloak (worn)
Jewellery
 a - a ring of flight
 p - a ring of protection from fire
 s - a ring of see invisible (right hand)
 C - a +6 ring of strength (left hand)
 D - an amulet of reflection (around neck)
Wands
 z - a wand of paralysis (7)
Scrolls
 f - 2 scrolls of fear
 i - 4 scrolls of teleportation
 r - 2 scrolls of fog
 w - a scroll of enchant armour
 F - a scroll of blinking
Potions
 b - a potion of lignification {unknown}
 c - a potion of berserk rage
 d - 4 potions of might
 h - 5 potions of haste {unknown}
 k - 3 potions of cancellation
 l - 9 potions of heal wounds
 m - 2 potions of brilliance {unknown}
 n - a potion of magic
 o - a potion of attraction
 q - 4 potions of curing
 t - 2 potions of enlightenment
 A - a potion of mutation
 B - a potion of invisibility {unknown}


   Skills:
 + Level 10.7 Fighting
 + Level 9.5 Maces & Flails
 + Level 10.6 Armour
 + Level 10.7 Shields


You had 8 spell levels left.
You knew the following spells:

 Your Spells              Type           Power      Damage    Failure   Level
a - Passwall              Tmut/Erth      0%         N/A       100%        2

Your spell library contained the following spells:

 Spells                   Type           Power      Damage    Failure   Level
 Apportation              Tloc           0%         N/A       100%        1
 Ensorcelled Hibernation  Hex/Ice        0%         N/A       100%        2
 Jinxbite                 Hex            0%         N/A       100%        2
 Wereblood                Tmut           0%         N/A       100%        2
 Dazzling Flash           Conj/Hex       0%         N/A       100%        3
 Ignite Poison            Fire/Tmut/Pois 0%         N/A       100%        3
 Swiftness                Air            0%         N/A       100%        3
 Volatile Blastmotes      Fire/Tloc      0%         2d10      100%        3
 Sticky Flame             Conj/Fire      0%         2d3       100%        4
 Alistair's Intoxication  Tmut/Pois      0%         N/A       100%        5
 Irradiate                Conj/Tmut      0%         3d11      100%        5
 Starburst                Conj/Fire      0%         6d3       100%        6
 Ignition                 Fire           0%         3d3       100%        8
 Maxwell's Capacitive Co  Air            0%         ∞         100%        8


Dungeon Overview and Level Annotations

Branches:
Dungeon (10/15)            Temple (1/1) D:5            Lair (1/5) D:10
    Orc (0/2) D:9           Sewer (visited)

Altars:
Ashenzari
Cheibriados
Dithmenos
Elyvilon
Fedhas
Gozag
Hepliaklqana
Kikubaaqudgha
Makhleb
Nemelex Xobeh
Okawaru
Qazlal
Ru
Sif Muna
Trog
Uskayaw
Vehumet
Wu Jian
Xom
Yredelemnul
Zin
The Shining One

Shops:
D:2 ?   D:4 *   D:9 :   D:10 !


Innate Abilities, Weirdness & Mutations

You are immune to sickness and miasma.
Your stone body is resilient. (AC +8)
You are immune to poison.
You resist negative energy. (rN+)
You are resistant to electric shocks. (rElec)
You are resistant to unholy torment.
You are immune to petrification.


Message History

You miss the blink frog.
The blink frog is severely wounded.
You block the blink frog's attack.
The blink frog blinks!
You closely miss the blink frog.
The blink frog is heavily wounded.
The blink frog barely misses you. You block the blink frog's attack.
The blink frog blinks!
The blink frog hits you!
* * * LOW HITPOINT WARNING * * *
You impale the blink frog!!
Your weapon exudes an aura of protection.
You kill the blink frog!
Okawaru accepts your kill. You block the blink frog's attack.
The blink frog blinks! x2
The blink frog blinks! x2
You block the blink frog's attack.
The blink frog blinks!
You see here a curare-tipped dart.
The blink frog blinks!
Things that are here:
a curare-tipped dart; the human corpse of Prince Ribbit You closely miss the blink frog.
The blink frog is heavily wounded.
The blink frog blinks!
The blink frog hits you.
* * * LOW HITPOINT WARNING * * *
The blink frog blinks! x3
The blink frog blinks! x2
The blink frog blinks! x2
You barely miss the blink frog.
The blink frog is heavily wounded.
You block the blink frog's attack. The blink frog hits you.
* * * LOW HITPOINT WARNING * * *
The blink frog blinks!
You block the blink frog's attack. The blink frog hits you!
* * * LOW HITPOINT WARNING * * *
You puncture the blink frog!
Your weapon exudes an aura of protection.
The blink frog is severely wounded.
The blink frog hits you but does no damage. x2
You block the blink frog's attack.
The blink frog blinks!
The blink frog hits you!
You die...

#............
#............
#............
#............
#.###.######.
#.# ### ##.#
###
#.§###....#
##.@F..F..#
#F##.....#
#.# .....
#(## ....
#..# ##. #)##
#.# #§. .).


You could see 3 blink frogs.

Vanquished Creatures
  Harold (D:9)
  A two-headed ogre (D:8)
  Urug (Lair:1)
  Sonja (D:10)
  Maurice (D:8)
  A komodo dragon (Lair:1)
  A rime drake (Lair:1)
  Prince Ribbit (Lair:1)
  2 trolls
  3 blink frogs (Lair:1)
  A shadow (D:9)
  9 yaks
  A vampire (D:7)
  A wyvern (D:8)
  3 vampire mosquitoes (D:7)
  Edmund (D:5)
  A water moccasin (D:5)
  4 ice beasts
  A sky beast (D:7)
  4 orc warriors
  3 ogres
  3 centaurs
  7 kobold brigands
  2 phantoms (D:6)
  4 bullfrogs
  3 scorpions
  18 wights
  12 killer bees
  3 howler monkeys
  An electric eel (D:9)
  9 hounds
  A gnoll bouda (D:6)
  2 orc priests
  3 sleepcaps
  Natasha (thrice) (D:4)
  4 orc wizards
  2 iguanas
  12 adders
  18 gnolls
  7 river rats
  A white imp (D:8)
  4 ufetubi (D:6)
  3 worms
  A dart slug (D:3)
  33 orcs
  15 ball pythons
  4 bats
  2 endoplasms
  4 giant cockroaches
  12 goblins
  5 hobgoblins
  2 jackals (D:3)
  2 quokkas
  4 frilled lizards
  47 kobolds
  25 rats
320 creatures vanquished.

Notes
Turn   | Place    | Note
-------+----------+-------------------------------------------
     0 | D:1      | Dittersdorf the Gargoyle Fighter began the quest for the
                  | Orb.
     0 | D:1      | Reached XP level 1. HP: 14/14 MP: 1/1
   225 | D:1      | You fall into a shaft and drop 1 floor!
   241 | D:1      | Reached XP level 2. HP: 19/19 MP: 2/2
   957 | D:2      | Reached XP level 3. HP: 23/23 MP: 3/3
  1350 | D:2      | Reached XP level 4. HP: 28/29 MP: 4/4
  1476 | D:2      | Found Voppei's Magic Scroll Shop.
  1659 | D:3      | Found a glowing drain.
  1761 | Sewer    | Entered a sewer
  2086 | Sewer    | Reached XP level 5. HP: 33/33 MP: 5/5
  2235 | Sewer    | Noticed a kobold brigand
  2235 | Sewer    | Noticed a kobold brigand
  2235 | Sewer    | Noticed a kobold brigand
  2304 | Sewer    | Killed a kobold brigand
  2305 | Sewer    | Reached XP level 6. HP: 22/39 MP: 6/6
  2760 | Sewer    | Reached skill level 5 in Fighting
  2927 | D:3      | Reached skill level 5 in Armour
  2972 | D:3      | Reached skill level 5 in Shields
  2984 | D:3      | Reached XP level 7. HP: 44/44 MP: 7/7
  3038 | D:3      | Found an ancient bone altar of Kikubaaqudgha.
  3075 | D:3      | Found an iron altar of Okawaru.
  3096 | D:3      | Identified the +0 leather armour of the Stopping Gods
                  | {Rampage}
  3109 | D:3      | Became a worshipper of Warmaster Okawaru
  3826 | D:4      | Found a white marble altar of Elyvilon.
  3865 | D:4      | Noticed Natasha
  3871 | D:4      | Killed Natasha
  4129 | D:4      | Found Otzud's General Store.
  4145 | D:4      | Bought a +0 tower shield for 45 gold pieces
  4156 | D:4      | Bought 2 potions of heal wounds for 100 gold pieces
  4211 | D:4      | Found a shimmering altar of Xom.
  4694 | D:4      | Noticed Natasha
  4709 | D:4      | Killed Natasha
  4786 | D:4      | Noticed Natasha
  4792 | D:4      | Killed Natasha
  5084 | D:4      | Found a white marble altar of Elyvilon.
  5102 | D:4      | Found Otzud's General Store.
  5332 | D:4      | Reached XP level 8. HP: 51/51 MP: 8/8
  5333 | D:4      | Found a shimmering altar of Xom.
  5437 | D:5      | Entered Level 5 of the Dungeon
  5478 | D:5      | Found a staircase to the Ecumenical Temple.
  5486 | Temple   | Entered the Ecumenical Temple
  5651 | D:5      | Reached * piety under Okawaru
  5652 | D:5      | Reached skill level 5 in Maces & Flails
  5937 | D:5      | Noticed Edmund
  5974 | D:5      | Killed Edmund
  6351 | D:5      | Found a shimmering blue altar of Sif Muna.
  6351 | D:5      | Found a shadowy altar of Dithmenos.
  6556 | D:6      | Reached ** piety under Okawaru
  6557 | D:6      | Reached XP level 9. HP: 57/57 MP: 9/9
  6557 | D:6      | Found a hazy altar of Hepliaklqana.
  7967 | D:7      | Reached *** piety under Okawaru
  8238 | D:7      | Reached XP level 10. HP: 55/64 MP: 10/10
  8606 | D:7      | Found a glowing silver altar of Zin.
  8735 | D:8      | Identified a scroll of acquirement
  8735 | D:8      | Acquired 516 gold pieces
  8742 | D:8      | Noticed a two-headed ogre
  8751 | D:8      | Killed a two-headed ogre
  8751 | D:8      | Reached **** piety under Okawaru
  8787 | D:8      | Learned a level 2 spell: Passwall
  9305 | D:8      | Noticed Maurice
  9313 | D:8      | Something stole 6 curare-tipped darts
  9320 | D:8      | Something stole 169 gold
  9331 | D:8      | Killed Maurice
  9864 | D:9      | Found a staircase to the Orcish Mines.
  9879 | D:9      | Found Xiegoos's Book Emporium.
  9898 | D:9      | Noticed Harold
  9911 | D:9      | Killed Harold
  9911 | D:9      | Reached ***** piety under Okawaru
  9912 | D:9      | Reached XP level 11. HP: 64/72 MP: 11/11
 10407 | D:9      | Reached skill level 10 in Fighting
 10458 | D:9      | Received a gift from Okawaru
 10459 | D:9      | Reached skill level 10 in Shields
 10639 | D:9      | Reached skill level 10 in Armour
 10825 | D:10     | Entered Level 10 of the Dungeon
 10827 | D:10     | Identified the +0 ring mail of Pathos {Slay+5}
 11077 | D:10     | Noticed Sonja
 11091 | D:10     | Killed Sonja
 11384 | D:10     | Found a staircase to the Lair.
 11552 | D:10     | Found Ojaewn's Distillery.
 11558 | D:10     | Bought a potion of heal wounds for 75 gold pieces
 11558 | D:10     | Bought a potion of heal wounds for 75 gold pieces
 11558 | D:10     | Bought a potion of mutation for 120 gold pieces
 11606 | Lair:1   | Entered Level 1 of the Lair of Beasts
 11726 | Lair:1   | Noticed Urug
 11730 | Lair:1   | Noticed Prince Ribbit
 11749 | Lair:1   | Killed Urug
 11773 | Lair:1   | Killed Prince Ribbit
 11785 | Lair:1   | Slain by a blink frog

Illustrated notes

Levels and vault maps discovered:
D:1:      lightli_arrival_statue_moat, layout_basic
D:2:      layout_basic, serial_shops, shop, grunt_ministairs_15
D:3:      layout_rooms, okawaru_gym_becter, kiku_gazebo_pond_becter,
          cheibrodos_sewer_entry_sluice
D:4:      layout_loops_ring, tgw_xom, elyvilon_altar_1, serial_shops,
          nicolae_shop_trees, uniq_natasha
D:5:      layout_loops_ring, gammafunk_temple_overflow_pools,
          minmay_temple_entry_statues, minmay_misc_feat_encased,
          minmay_misc_feat_room, uniq_edmund
D:6:      layout_loops_ring, mainiacjoe_overflow_24_doors
D:7:      layout_rooms, zin_scriptorium
D:8:      layout_loops_cross, uniq_maurice
D:9:      layout_basic, orc_0_dummy, serial_shops, shop, serial_bayou_lagoon_a,
          minmay_puff, uniq_harold
D:10:     layout_roguey, lair_entry_dummy, serial_shops,
          nicolae_shop_hallway_plus, uniq_sonja
Temple:   minmay_temple_curvy_branch
Lair:1:   layout_regular_city, uniq_gastronok, uniq_prince_ribbit2, uniq_urug

Skill      XL: |  1  2  3  4  5  6  7  8  9 10 11 |
---------------+----------------------------------+-----
Fighting       | 4 5 7 8 9 10 | 10.7
Shields        | 4 5 6 8 9 10 | 10.7
Armour         | 4 5 6 8 9 10 | 10.6
Maces & Flails | 3 4 5 7 8 9 |  9.5

Action                     |  1- 3 |  4- 6 |  7- 9 | 10-12 || total
---------------------------+-------+-------+-------+-------++-------
  Melee: Flail             |   151 |    60 |   107 |       ||   318
         Whip              |       |   221 |   314 |       ||   535
         Morningstar       |       |       |   209 |   426 ||   635
  Throw: Dart              |       |       |     2 |     5 ||     7
    Use: Scroll            |       |       |    15 |     6 ||    21
 Armour: Scale mail        |   138 |   237 |   380 |       ||   755
         Plate armour      |       |       |    95 |   336 ||   431
  Dodge: Dodged            |    82 |   129 |   152 |    78 ||   441
  Block: Buckler           |    30 |    75 |    17 |       ||   122
         Tower shield      |       |       |   409 |   394 ||   803
         Reflection        |       |       |       |     4 ||     4

Table legend: (Time is in decaauts)
 A = Elapsed time spent in this place.
 B = Non-inter-level travel time spent in this place.
 C = Inter-level travel time spent in this place.
 D = Time resting spent in this place.
 E = Time spent auto-exploring this place.
 F = Levels seen in this place.
 G = Mean time per level.
                   A        B        C        D        E       F      G
               +--------+--------+--------+--------+--------+-----+--------+
         Total |  12112 |  11649 |    463 |   1086 |   7325 |  13 |  931.7 |
       Dungeon |  10770 |  10308 |    462 |    708 |   7023 |  10 | 1077.0 |
        Temple |     15 |     15 |      0 |      0 |      0 |   1 |   15.0 |
          Lair |    190 |    190 |      0 |      0 |     93 |   1 |  190.0 |
         Sewer |   1135 |   1135 |      0 |    378 |    209 |   1 | 1135.0 |
               +--------+--------+--------+--------+--------+-----+--------+

Top non-repeatable levels by time:
     D:4: 2084 daAuts
     D:6: 1480 daAuts
     D:9: 1279 daAuts
   Sewer: 1135 daAuts
     D:5: 1009 daAuts
     D:7: 899 daAuts
     D:8: 887 daAuts
     D:1: 876 daAuts
     D:2: 831 daAuts
    D:10: 787 daAuts
     D:3: 632 daAuts
  Lair:1: 190 daAuts
  Temple: 15 daAuts
